 Dungeon Crawl Stone Soup version 0.29.0-7-g18a832c13a (webtiles) character file.

Game seed: 7051546415522851782

1111 mtoz the Chopper (level 8, -3/71 HPs)
             Began as a Minotaur Berserker on Sept 1, 2022.
             Was a Believer of Trog.
             Slain by a gnoll sergeant
             ... wielding a +0 spear
              (6 damage)
             ... on level 5 of the Dungeon.
             The game lasted 00:08:03 (4321 turns).

mtoz the Chopper (Minotaur Berserker)               Turns: 4321, Time: 00:08:03

Health: -3/71      AC: 10    Str: 25    XL:     8   Next: 11%
Magic:  7/7        EV:  9    Int:  4    God:    Trog [**....]
Gold:   214        SH:  0    Dex:  9    Spells: 7/7 levels left

rFire   . . .      SeeInvis .   u - +0 war axe
rCold   . . .      Faith    .   (no shield)
rNeg    . . .      Spirit   .   f - +0 chain mail
rPois   .          Reflect  .   (helmet restricted)
rElec   .          Harm     .   (no cloak)
rCorr   .          Rampage  .   (no gloves)
Will    .....                   (no boots)
Stlth   ..........              (no amulet)
HPRegen 0.21/turn               (no ring)
MPRegen 0.10/turn               (no ring)

@: no status effects
A: horns 2, retaliatory headbutt
a: Renounce Religion, Berserk, Trog's Hand


You were on level 5 of the Dungeon.
You worshipped Trog.
Trog was pleased with you.
You visited 1 branch of the dungeon, and saw 5 of its levels.

You collected 214 gold pieces.

Inventory:

Hand Weapons
 a - a +0 hand axe
 k - a +1 morningstar of holy wrath
 u - a +0 war axe (weapon)
 w - a +0 great mace
Armour
 b - a +0 animal skin
 f - a +0 chain mail (worn)
Jewellery
 p - a +6 ring of intelligence
Wands
 h - a wand of roots (12)
 j - a wand of polymorph (5)
Scrolls
 c - 4 scrolls of teleportation
 g - a scroll of butterflies
 l - a scroll of noise {unknown}
 m - a scroll of vulnerability {unknown}
 n - 4 scrolls of identify {unknown}
 q - a scroll of amnesia {unknown}
 r - a scroll of magic mapping {unknown}
 s - a scroll of fear {unknown}
 v - a scroll of blinking {unknown}
Potions
 d - a potion of flight {unknown}
 e - a potion of heal wounds {unknown}
 i - a potion of brilliance {unknown}
 o - a potion of curing
 t - 2 potions of cancellation {unknown}
 x - a potion of might {unknown}


   Skills:
 + Level 6.4 Fighting
 * Level 7.1 Axes
 + Level 5.8 Armour
 + Level 5.2 Dodging
 + Level 1.8 Evocations


You had 7 spell levels left.
You didn't know any spells.
Your spell library was empty.

Dungeon Overview and Level Annotations

Branches:
Dungeon (5/15)             Temple (0/1) D:4

Altars:
Elyvilon
Sif Muna
Zin


Innate Abilities, Weirdness & Mutations

You have a pair of horns on your head.
You reflexively headbutt those who attack you in melee.


Message History

You hit the gnoll sergeant. You slash the gnoll!
You kill the gnoll!
Trog accepts your kill. The gnoll hits you but does no damage.
The gnoll sergeant hits you with a +0 spear.
The gnoll hits you with a +0 spear.
You barely miss the gnoll. You headbutt the gnoll.
The gnoll is almost dead.
You hit the gnoll sergeant but do no damage.
The gnoll sergeant hits you but does no damage.
The gnoll closely misses you. The gnoll hits you but does no damage.
The gnoll hits you from afar with a +0 halberd.
The gnoll hits you but does no damage. The gnoll sergeant barely misses you.
You furiously retaliate!
You headbutt the gnoll sergeant! You slash the gnoll!
You kill the gnoll!
Trog accepts your kill. The gnoll sergeant blocks your attack.
Your skin stops crawling.
You feel less strong-willed.
The gnoll sergeant hits you with a +0 spear!
* * * LOW HITPOINT WARNING * * *
The gnoll hits you from afar with a +0 halberd.
* * * LOW HITPOINT WARNING * * *
The gnoll sergeant blocks your attack.
The gnoll sergeant is severely wounded.
The gnoll closely misses you.
The gnoll sergeant hits you with a +0 spear.
* * * LOW HITPOINT WARNING * * *
The gnoll sergeant attacks as you move away!
The gnoll sergeant hits you with a +0 spear!
* * * LOW HITPOINT WARNING * * *
The gnoll sergeant hits you but does no damage.
The gnoll hits you but does no damage.
Things that are here:
a +0 halberd; a gnoll corpse It was a potion of curing.
You feel better. The gnoll hits you with a +0 halberd.
* * * LOW HITPOINT WARNING * * *
The gnoll sergeant hits you from afar with a +0 spear.
You die...

'....#...........#
##..##...........#
.########........#
.#.><...#........#
##......#.......†#
##......#........#
###....#......).########
#######'#......).....<
..+....@)g......
#....g........
#.............
#.............
#..>....$.....
#............>
#.............
#.....#######


You could see a gnoll sergeant and a gnoll.

Vanquished Creatures
  Sigmund (D:4)
  4 ogres (D:5)
  A centaur (D:5)
  2 scorpions (D:5)
  A killer bee (D:5)
  A hound (D:4)
  2 orc priests (D:5)
  Jessica (D:2)
  Terence (D:2)
  An iguana (D:4)
  4 gnolls (D:5)
  6 adders
  A white imp (D:5)
  2 ufetubi
  2 worms
  7 dart slugs
  4 orcs (D:5)
  10 ball pythons
  4 bats
  6 endoplasms
  5 giant cockroaches
  5 goblins
  3 hobgoblins
  5 jackals
  7 quokkas
  A frilled lizard (D:1)
  6 kobolds
  3 rats
96 creatures vanquished.

Notes
Turn   | Place    | Note
-------+----------+-------------------------------------------
     0 | D:1      | mtoz the Minotaur Berserker began the quest for the Orb.
     0 | D:1      | Reached XP level 1. HP: 19/19 MP: 0/0
   302 | D:1      | Reached XP level 2. HP: 27/27 MP: 1/1
   487 | D:1      | Reached skill level 4 in Axes
   616 | D:1      | Reached ** piety under Trog
   617 | D:1      | Reached XP level 3. HP: 33/33 MP: 2/2
   640 | D:1      | Found a faded altar of an unknown god.
   941 | D:2      | Noticed Jessica
   950 | D:2      | Killed Jessica
  1081 | D:2      | Reached XP level 4. HP: 40/41 MP: 3/3
  1181 | D:2      | Noticed Terence
  1193 | D:2      | Killed Terence
  1705 | D:3      | Found a shimmering blue altar of Sif Muna.
  1999 | D:3      | Reached XP level 5. HP: 47/47 MP: 4/4
  2278 | D:3      | Found a white marble altar of Elyvilon.
  2767 | D:4      | Found a staircase to the Ecumenical Temple.
  2800 | D:4      | Reached skill level 5 in Axes
  2984 | D:4      | Noticed Sigmund
  2999 | D:4      | Killed Sigmund
  3000 | D:4      | Reached skill level 5 in Fighting
  3000 | D:4      | Reached XP level 6. HP: 53/56 MP: 5/5
  3071 | D:4      | Found a glowing silver altar of Zin.
  3162 | D:5      | Entered Level 5 of the Dungeon
  3351 | D:5      | Reached skill level 5 in Armour
  3351 | D:5      | Reached XP level 7. HP: 43/62 MP: 6/6
  3456 | D:5      | Reached skill level 6 in Axes
  3592 | D:5      | Reached skill level 1 in Evocations
  3601 | D:5      | Reached skill level 5 in Dodging
  4200 | D:5      | Reached skill level 7 in Axes
  4200 | D:5      | Reached XP level 8. HP: 71/71 MP: 7/7
  4320 | D:5      | HP: 1/71 [gnoll sergeant/+0 spear (8)]
  4321 | D:5      | Slain by a gnoll sergeant

Illustrated notes

Levels and vault maps discovered:
D:1:      mrwooster_arrival_statue, layout_basic, basic_ecumenical_altar
D:2:      layout_rooms, corexii_hall_statues_t, minmay_crystal_water,
          lemuel_old_faithful, uniq_jessica, uniq_terence
D:3:      layout_basic, nicolae_elyvilon_temple_path,
          mainiacjoe_overflow_surrounded_room, nicolae_titane
D:4:      layout_basic, zin_scriptorium, minmay_temple_entry_enclosed_plants,
          uniq_sigmund
D:5:      minmay_bubble_buster, layout_gridville, yredelemnul_altar_generic

Skill      XL: |  1  2  3  4  5  6  7 |
---------------+----------------------+-----
Axes           | 4 5 7 |  7.1
Fighting       | 4 5 6 |  6.4
Armour         | 3 4 5 |  5.8
Dodging        | 3 4 5 |  5.2
Evocations     | 1 |  1.8

Action                   |  1- 3 |  4- 6 |  7- 9 || total
-------------------------+-------+-------+-------++-------
Melee: Hand axe          |    59 |   116 |     4 ||   179
       Headbutt          |    10 |    16 |     7 ||    33
       Punch             |       |     1 |       ||     1
       War axe           |       |       |    63 ||    63
Invok: Trog's Hand       |       |     2 |     3 ||     5
       Berserk           |       |     1 |     1 ||     2
  Use: Scroll            |       |     2 |       ||     2
       Potion            |       |       |     1 ||     1
 Stab: Distracted        |     1 |       |       ||     1
Armor: Animal skin       |     4 |       |       ||     4
       Chain mail        |    22 |    52 |    42 ||   116
Dodge: Dodged            |    24 |    59 |    49 ||   132
